 Dungeon Crawl Stone Soup version 0.29.1-15-g9cfb28693d (webtiles) character file.

Game seed: 11145659431284823310

35 Descartes the Scratcher (level 3, -4/15 HPs)
             Began as a Felid Transmuter on Apr 4, 2023.
             Killed from afar by Sigmund (8 damage)
             ... with a magic dart
             ... on level 2 of the Dungeon.
             The game lasted 00:02:42 (1832 turns).

Descartes the Scratcher (Felid Transmuter)          Turns: 1832, Time: 00:02:45

Health: -4/15      AC:  1    Str:  5 (8)  XL:     3   Next: 16%
Magic:  6/7        EV: 17    Int: 13 (14) God:
Gold:   21         SH:  0    Dex: 13 (16) Spells: 5/6 levels left
                                        Lives:  0   Deaths: 0

rFire   . . .      SeeInvis +     - Unarmed
rCold   . . .      Faith    .   (shield unavailable)
rNeg    . . .      Spirit   .   (body armour unavailable)
rPois   .          Reflect  .   (helmet unavailable)
rElec   .          Harm     .   (cloak unavailable)
rCorr   .          Rampage  .   (gloves unavailable)
Will    .....                   (boots unavailable)
Stlth   ++........              (no amulet)
HPRegen 0.05/turn               (no ring)
MPRegen 0.10/turn               (no ring)

@: appendages, quick
A: horns 2, very small, claws 1, fangs 3, see invisible, speed 1, shaggy fur 1,
stealthy paws, no weapons or thrown items, no armour, multi-lived
a: End Transformation


You were on level 2 of the Dungeon.
You had temporarily grown beastly horns.
You visited 1 branch of the dungeon, and saw 2 of its levels.

You collected 21 gold pieces.

Inventory:

Scrolls
 c - a scroll of summoning {unknown}
 d - 2 scrolls of identify {unknown}
Potions
 a - a potion of lignification


   Skills:
 - Level 1.0 Fighting
 + Level 3.3 Dodging
 + Level 1.9 Stealth
 + Level 3.3 Unarmed Combat
 - Level 2.0 Spellcasting
 + Level 2.7 Transmutations


You had 5 spell levels left.
You knew the following spells:

 Your Spells              Type           Power      Damage    Failure   Level
a - Beastly Appendage     Tmut           16%        N/A       9%          1

Your spell library contained the following spells:

 Spells                   Type           Power      Damage    Failure   Level
 Wereblood                Tmut           8%         N/A       12%         2
 Spider Form              Tmut/Pois      4%         N/A       41%         3
 Ice Form                 Ice/Tmut       4%         N/A       82%         4


Dungeon Overview and Level Annotations

Branches:
Dungeon (2/15)

Altars:

Annotations:
D:2 1 runed translucent door, Crazy Yiuf, Sigmund


Innate Abilities, Weirdness & Mutations

You have temporarily grown beastly horns.
You have sharp claws.
You have razor-sharp teeth.
You have supernaturally acute eyesight. (SInv)
You cover ground quickly. (Speed+)
You are covered in fur. (AC +1)
Your paws help you pounce on unaware monsters.
You are incapable of wielding weapons or throwing items.
You cannot wear armour.
You gain extra lives every three experience levels.


Message History

No target in view!
No target in view!
No target in view!
No target in view!
No target in view!
No target in view!
No target in view!
Your transformation is almost over.
Magic restored.
Things that are here:
a +0 whip; 5 stones; a kobold corpse Your horns disappear.
A ball python comes into view.
Found a hand axe.
Casting: Beastly Appendage (safe; 8% risk of failure)
Confirm with . or Enter, or press ? or * to list all spells.
You grow a pair of large bovine horns.
Sigmund the Dreaded comes into view.
He is wielding a +1 vampiric scythe.
The ball python hisses angrily.
The ball python misses you. x2
You claw the ball python!
You kill the ball python!
Sigmund points at you and mumbles some strange words.
The puff of flame hits you.
Sigmund gestures wildly while chanting.
Sigmund flickers and vanishes for a moment.
You closely miss Sigmund.
Sigmund hits you with a +1 vampiric scythe.
* * * LOW HITPOINT WARNING * * *
You are too injured to fight recklessly!
You are too injured to fight recklessly!
You are too injured to fight recklessly!
You are too injured to fight recklessly!
It was a potion of degeneration.
There was something very wrong with that liquid.
You feel weakened.
You feel dopey.
You feel clumsy.
Sigmund points at you and mumbles some strange words.
The magic dart hits you!
Ouch! That really hurt!
You die...

# #.# #
#.# # #.#
#
########.#
#
#).......#
#........#
+........#
#........#
#.....@..#
#....@...#
#........#
#........#
##########


You could see Sigmund (invisible).

Vanquished Creatures
  A dart slug (D:1)
  2 ball pythons
  6 bats (D:1)
  An endoplasm (D:1)
  2 giant cockroaches
  4 goblins (D:1)
  2 hobgoblins
  3 quokkas (D:1)
  A frilled lizard (D:2)
  3 kobolds (D:2)
  3 rats (D:1)
28 creatures vanquished.

Notes
Turn   | Place    | Note
-------+----------+-------------------------------------------
     0 | D:1      | Descartes the Felid Transmuter began the quest for the Orb.
     0 | D:1      | Reached XP level 1. HP: 9/9 MP: 4/4
   183 | D:1      | Reached skill level 1 in Stealth
   199 | D:1      | Reached XP level 2. HP: 6/12 MP: 4/6
  1248 | D:2      | Reached XP level 3. HP: 15/15 MP: 5/7
  1435 | D:2      | Found a runed translucent door.
  1436 | D:2      | Noticed Crazy Yiuf
  1824 | D:2      | Noticed Sigmund
  1832 | D:2      | Killed from afar by Sigmund

Illustrated notes

Levels and vault maps discovered:
D:1:      evilmike_arrival_fibonacci_small, layout_loops_cross, st_stairs_7
D:2:      layout_basic, serial_shops, shop_fountains,
          hellmonk_ecumenical_altar_run_dry, uniq_sigmund,
          uniq_crazy_yiuf_cottage

Skill      XL: |  1 |
---------------+----+-----
Dodging        | 3 |  3.3
Stealth        | 1 |  1.9
Fighting       | |  1.0
Unarmed Combat | |  3.3
Spellcasting   | |  2.0
Transmutations | |  2.7

Action                   || total
-------------------------++-------
Melee: Unarmed           ||    63
       Headbutt          ||     7
       Bite              ||     4
 Cast: Beastly Appendage ||    23
  Use: Potion            ||     1
 Stab: Sleeping          ||     5
Armor: Skin              ||     5
Dodge: Dodged            ||    38
